 Dungeon Crawl Stone Soup version 0.30-a0-219-gf2db51d15e (webtiles) character file.

Game seed: 881134989517647896

15440 Decritt the Covert (level 12, -5/61 HPs)
             Began as a Spriggan Enchanter on Oct 7, 2022.
             Was a Priest of Dithmenos.
             Killed by divine providence
             ... invoked by a meliai
              (12 damage)
             ... on level 12 of the Dungeon.
             The game lasted 00:40:38 (13477 turns).

Decritt the Covert (Spriggan Enchanter)            Turns: 13477, Time: 00:40:39

Health: -5/61      AC:  6    Str: 14    XL:     12   Next: 1%
Magic:  35/35      EV: 23    Int: 26    God:    Dithmenos [***...]
Gold:   198        SH:  8    Dex: 17    Spells: 18/30 levels left

rFire   + . .      SeeInvis +    s - +8 quick blade of Laceration {drain, Str+3 Int+3}
rCold   + . .      Faith    .    B - +1 buckler of Vexation {Str+3}
rNeg    + . .      Spirit   .    f - +1 steam dragon scales
rPois   +          Reflect  .    b - -2 hat of the Alchemist {rElec rPois rF+ rC+ rN+ Will+ rMut rCorr}
rElec   +          Harm     .    K - +1 cloak "Boaphir" {MP+9 Str+4 Dex-3 SInv}
rCorr   +          Rampage  .    (gloves unavailable)
rMut    +                        (boots unavailable)
Will    +++..                    F - amulet of magic regeneration
Stlth   +++++++...               G - ring of wizardry
HPRegen 0.30/turn                k - +6 ring of intelligence
MPRegen 0.64/turn

@: wreathed by umbra, very quick
A: very small, no large weapons, unfitting armour, see invisible, speed 3
a: Renounce Religion, Shadow Step


You were on level 12 of the Dungeon.
You worshipped Dithmenos.
Dithmenos was most pleased with you.
You visited 2 branches of the dungeon, and saw 13 of its levels.

You collected 810 gold pieces.
You spent 612 gold pieces at shops.

Inventory:

Hand Weapons
 s - the +8 quick blade of Laceration (weapon) {drain, Str+3 Int+3}
   (You acquired it on level 5 of the Dungeon)

   A truly terrible weapon, it drains the life of any living foe it strikes.
   Str:       It affects your strength (+3).
   Int:       It affects your intelligence (+3).
 A - a +5 quick blade of holy wrath
Missiles
 g - 2 throwing nets (quivered)
Armour
 b - the -2 hat of the Alchemist (worn) {rElec rPois rF+ rC+ rN+ Will+ rMut rCorr}
   (You bought it in a shop on level 8 of the Dungeon)

   rF:        It protects you from fire.
   rC:        It protects you from cold.
   rElec:     It insulates you from electricity.
   rPois:     It protects you from poison.
   rN:        It protects you from negative energy.
   rCorr:     It protects you from acid and corrosion.
   rMut:      It protects you from mutation.
   Will:      It increases your willpower.
 f - +1 steam dragon scales (worn)
 n - a scarf of invisibility
 B - the +1 buckler of Vexation (worn) {Str+3}
   (You acquired it on level 5 of the Dungeon)

   Str:       It affects your strength (+3).
 K - the +1 cloak "Boaphir" (worn) {MP+9 Str+4 Dex-3 SInv}
   (You found it on level 8 of the Dungeon)

   Str:       It affects your strength (+4).
   Dex:       It affects your dexterity (-3).
   MP:        It affects your magic capacity (+9).
   SInv:      It lets you see invisible.
 M - +0 acid dragon scales
Jewellery
 d - a ring of protection from cold
 e - a ring of flight
 k - a +6 ring of intelligence (right hand)
 y - a ring of protection from fire
 F - an amulet of magic regeneration (around neck)
 G - a ring of wizardry (left hand)
Wands
 j - a wand of polymorph (2)
 o - a wand of quicksilver (4)
 p - a wand of digging (6)
 E - a wand of flame (10)
 L - a wand of iceblast (7)
Scrolls
 m - 2 scrolls of butterflies
 q - a scroll of blinking
 r - 2 scrolls of identify
 t - a scroll of amnesia
 w - a scroll of poison {unknown}
 C - a scroll of silence {unknown}
 I - 2 scrolls of enchant weapon
Potions
 a - 3 potions of heal wounds
 c - 4 potions of invisibility
 h - 4 potions of curing
 i - a potion of ambrosia {unknown}
 l - 2 potions of flight
 u - a potion of experience {unknown}
 v - 3 potions of lignification
 x - a potion of resistance
 z - 2 potions of haste
 D - 2 potions of brilliance
 H - 3 potions of mutation
 O - a potion of cancellation


   Skills:
 + Level 6.2 Fighting
 - Level 8.0 Short Blades
 + Level 10.3 Dodging
 - Level 12.0 Stealth
 + Level 5.7 Shields
 + Level 9.6 Spellcasting
 + Level 9.6 Hexes


You had 18 spell levels left.
You knew the following spells:

 Your Spells              Type           Power      Damage    Failure   Level
a - Confusing Touch       Hex            58%        N/A       1%          3
b - Tukima's Dance        Hex            58%        N/A       1%          3
c - Ensorcelled Hibernat  Hex/Ice        74%        N/A       1%          2
d - Dazzling Flash        Conj/Hex       74%        N/A       1%          3
e - Apportation           Tloc           24%        N/A       3%          1

Your spell library contained the following spells:

 Spells                   Type           Power      Damage    Failure   Level
 Beastly Appendage        Tmut           24%        N/A       3%          1
 Magic Dart               Conj           48%        1d5       3%          1
 Summon Small Mammal      Summ           48%        N/A       3%          1
 Fulminant Prism          Conj/Hex       18%        3d11      4%          4
 Call Imp                 Summ           12%        N/A       6%          2
 Static Discharge         Conj/Air       24%        2-3/arc   6%          2
 Wereblood                Tmut           12%        N/A       6%          2
 Gell's Gravitas          Tloc           12%        N/A       11%         3
 Ignite Poison            Fire/Tmut/Pois 12%        N/A       11%         3
 Mephitic Cloud           Conj/Pois/Air  12%        N/A       11%         3
 Spider Form              Tmut/Pois      12%        N/A       11%         3
 Teleport Other           Tloc           12%        N/A       11%         3
 Vhi's Electric Charge    Tloc/Air       24%        N/A       11%         3
 Metabolic Englaciation   Hex/Ice        18%        N/A       14%         5
 Silence                  Hex/Air        18%        N/A       14%         5
 Summon Mana Viper        Hex/Summ       37%        N/A       14%         5
 Sticky Flame             Conj/Fire      12%        2d4       32%         4
 Summon Ice Beast         Ice/Summ       12%        N/A       32%         4
 Agony                    Necr           12%        N/A       65%         5
 Alistair's Intoxication  Tmut/Pois      8%         N/A       65%         5
 Arcjolt                  Conj/Air       6%         1d16      65%         5
 Borgnjor's Vile Clutch   Necr/Erth      6%         N/A       65%         5
 Lightning Bolt           Conj/Air       6%         1d18      65%         5
 Dispersal                Tloc           6%         N/A       99%         6
 Eringya's Noxious Bog    Tmut/Pois      6%         N/A       99%         6
 Monstrous Menagerie      Summ           6%         N/A       100%        7
 Summon Hydra             Summ           6%         N/A       100%        7
 Ignition                 Fire           6%         3d4       100%        8
 Death's Door             Necr           6%         N/A       100%        9


Dungeon Overview and Level Annotations

Branches:
Dungeon (12/15)            Temple (1/1) D:5            Lair (0/5) D:9
    Orc: D:9-12

Altars:
Ashenzari
Cheibriados
Dithmenos
Elyvilon
Fedhas
Gozag
Hepliaklqana
Kikubaaqudgha
Makhleb
Nemelex Xobeh
Okawaru
Qazlal
Ru
Sif Muna
Trog
Uskayaw
Vehumet
Wu Jian
Xom
Yredelemnul
Zin
The Shining One

Shops:
D:8 [   D:11 !

Annotations:
D:8 2 transporters, flt's ghost, novice DgTm


Innate Abilities, Weirdness & Mutations

You are very small and have problems with some larger weapons.
You are too small for most types of armour.
You have supernaturally acute eyesight. (SInv)
You cover ground extremely quickly. (Speed+++)


Message History

There is an open door here.
You open the door. 3 meliai come into view.
There is an open door here.
The meliai buzzes angrily.
You block the meliai's attack. The meliai completely misses you.
You block the meliai's attack. The meliai stings you.
You hit the meliai. You drain the meliai.
The meliai is moderately wounded.
You hit the meliai. You drain the meliai.
The meliai is severely wounded.
The meliai invokes the aid of its god against you.
Something smites you! The meliai closely misses you.
The meliai completely misses you.
You hit the meliai.
The meliai is severely wounded.
The meliai completely misses you. x2; You block the meliai's attack.
The meliai completely misses you.
You hit the meliai.
The meliai is almost dead.
The meliai hits you with a +0 war axe! The meliai barely misses you.
The meliai calls upon its god to heal the meliai.
The meliai is healed somewhat.
The meliai completely misses you. x2
You closely miss the meliai.
The meliai is heavily wounded.
You hit the meliai. You drain the meliai.
The meliai is almost dead.
The meliai invokes the aid of its god against you.
Something smites you!
* * * LOW HITPOINT WARNING * * *
You block the meliai's attack. The meliai stings you.
* * * LOW HITPOINT WARNING * * *
The meliai completely misses you. x2
The meliai mumbles some strange prayers to its god against you.
Something smites you!
* * * LOW HITPOINT WARNING * * *
There is an open door here.
The meliai mumbles some strange prayers to its god against you.
Something smites you!
You die...

##.### #####.#### .
##[# #... #..# ###.#
#.## .# #.# ######'##
###'####### #........
#...^.....# #........
+.#.#####.###........
#.#.#...#.'@#........
#.###.#.#.#.yy.......
#.....#...###y.......
########### #########


You could see 3 meliai.

Vanquished Creatures
  Fannar (D:10)
  Erica (D:8)
  A boulder beetle (D:11)
  4 two-headed ogres
  A sun demon (D:10)
  A slime creature (D:12)
  An orc knight (D:12)
  Pikel (D:6)
  A cyclops (D:11)
  2 komodo dragons (D:11)
  A red devil (D:10)
  A hellwing (D:10)
  An ice devil (D:10)
  A troll (D:11)
  Grinder (D:3)
  2 shadows
  3 wraiths
  4 yaks (D:8)
  A wyvern (D:9)
  2 steam dragons (D:7)
  Eustachio (D:6)
  Menkaure (D:4)
  A water moccasin (D:5)
  An acid dragon (D:10)
  3 sky beasts
  7 orc warriors
  4 ice beasts
  3 ogres
  3 centaurs
  A phantom (D:6)
  4 kobold brigands
  3 gnoll sergeants
  A necrophage (D:7)
  5 bullfrogs
  A scorpion (D:7)
  8 wights
  7 killer bees
  2 howler monkeys
  An electric eel (D:7)
  2 quasits (D:10)
  5 hounds
  3 jellies
  9 orc priests
  A gnoll bouda (D:7)
  Ijyb (D:3)
  Jessica (D:3)
  6 iguanas
  6 orc wizards
  Natasha (thrice) (D:4)
  A centaur simulacrum (D:7)
  Robin (D:3)
  13 adders
  13 gnolls
  2 shadow imps
  2 ufetubi
  2 worms (D:3)
  3 dart slugs
  55 orcs
  6 bats
  4 endoplasms
  6 giant cockroaches
  14 goblins
  8 hobgoblins
  24 kobolds
  7 quokkas
  11 ball pythons
  6 frilled lizards
  5 rats
308 creatures vanquished.

Vanquished Creatures (others)
  A sky beast (D:7)
  5 demonic plants (D:10)
  22 plants
28 creatures vanquished.

Grand Total: 336 creatures vanquished

Notes
Turn   | Place    | Note
-------+----------+-------------------------------------------
     0 | D:1      | Decritt the Spriggan Enchanter began the quest for the Orb.
     0 | D:1      | Reached XP level 1. HP: 9/9 MP: 5/5
    88 | D:1      | Reached XP level 2. HP: 13/13 MP: 6/6
   412 | D:1      | Found a faded altar of an unknown god.
   586 | D:1      | Reached XP level 3. HP: 17/17 MP: 8/8
   890 | D:2      | Learned a level 3 spell: Confusing Touch
   894 | D:2      | Learned a level 3 spell: Tukima's Dance
   897 | D:2      | Learned a level 2 spell: Ensorcelled Hibernation
  1151 | D:2      | Reached skill level 1 in Fighting
  1373 | D:2      | Reached skill level 5 in Stealth
  1373 | D:2      | Reached XP level 4. HP: 13/22 MP: 9/9
  1734 | D:3      | Noticed Grinder
  1761 | D:3      | Killed Grinder
  1762 | D:3      | Reached XP level 5. HP: 21/26 MP: 10/12
  1762 | D:3      | Reached XP level 6. HP: 24/30 MP: 10/13
  1904 | D:3      | Noticed Robin
  1940 | D:3      | Killed Robin
  2063 | D:3      | Noticed Jessica
  2069 | D:3      | Killed Jessica
  2198 | D:3      | Reached skill level 6 in Stealth
  2913 | D:4      | Reached skill level 5 in Hexes
  3350 | D:4      | Reached XP level 7. HP: 27/35 MP: 11/15
  3693 | D:4      | Reached skill level 5 in Dodging
  3693 | D:4      | Reached skill level 5 in Spellcasting
  3843 | D:4      | Noticed Natasha
  3848 | D:4      | Killed Natasha
  3873 | D:4      | Noticed Natasha
  3877 | D:4      | Noticed Ijyb
  3884 | D:4      | Killed Natasha
  3889 | D:4      | Noticed Menkaure
  4004 | D:3      | Killed Ijyb
  4034 | D:4      | Reached skill level 7 in Stealth
  4048 | D:4      | Killed Menkaure
  4099 | D:4      | Noticed Natasha
  4105 | D:4      | Reached XP level 8. HP: 18/39 MP: 8/17
  4196 | D:4      | Killed Natasha
  4395 | D:5      | Entered Level 5 of the Dungeon
  4740 | D:5      | Identified 3 scrolls of acquirement
  4740 | D:5      | Acquired a +4 quick blade of holy wrath
  4743 | D:5      | Acquired the +8 quick blade of Laceration {drain, Str+3
                  | Int+3}
  4744 | D:5      | Acquired the +1 buckler of Vexation {Str+3}
  4802 | D:5      | Got Sif Muna's Grimoire of Spellbinding Envenoming
  5315 | D:5      | Found a staircase to the Ecumenical Temple.
  5321 | Temple   | Entered the Ecumenical Temple
  5458 | Temple   | Became a worshipper of Dithmenos the Shadowed
  5692 | D:6      | Reached skill level 1 in Shields
  5775 | D:6      | Noticed Pikel
  5807 | D:6      | Killed Pikel
  5808 | D:6      | Reached skill level 5 in Short Blades
  5808 | D:6      | Reached skill level 8 in Stealth
  5808 | D:6      | Reached XP level 9. HP: 24/44 MP: 16/19
  6499 | D:6      | Noticed Eustachio
  6510 | D:6      | Killed Eustachio
  7545 | D:7      | Reached skill level 9 in Stealth
  7974 | D:7      | Reached * piety under Dithmenos
  8480 | D:7      | Got the Vellum of the Dead and Creation
  8625 | D:7      | Reached XP level 10. HP: 51/51 MP: 21/21
  9148 | D:8      | Identified the +1 cloak "Boaphir" {MP+9 Str+4 Dex-3 SInv}
  9237 | D:8      | Reached skill level 10 in Stealth
  9345 | D:8      | Noticed Erica
  9358 | D:8      | Found Ywarid's Armour Boutique.
  9361 | D:8      | Killed Erica
  9500 | D:8      | Bought the -2 hat of the Alchemist {rElec rPois rF+ rC+ rN+
                  | Will+ rMut rCorr} for 472 gold pieces
  9500 | D:8      | Found the -2 hat of the Alchemist {rElec rPois rF+ rC+ rN+
                  | Will+ rMut rCorr}
  9525 | D:8      | Found a transporter.
  9532 | D:8      | Reached ** piety under Dithmenos
  9542 | D:8      | Found a bloodstained altar of Trog.
  9542 | D:8      | Noticed flt's ghost (novice DgTm)
  9543 | D:8      | Noticed a moth of wrath
  9562 | D:8      | Found a transporter.
  9600 | D:8      | Found a glowing silver altar of Zin.
  9635 | D:8      | Found an opulent altar of Gozag.
 10033 | D:9      | Found a basalt altar of Yredelemnul.
 10034 | D:9      | Found a hide-covered altar of Uskayaw.
 10096 | D:9      | Found a staircase to the Lair.
 10255 | D:9      | Noticed a two-headed ogre
 10263 | D:9      | Killed a two-headed ogre
 10264 | D:9      | Reached skill level 5 in Fighting
 10264 | D:9      | Reached skill level 5 in Shields
 10607 | D:10     | Entered Level 10 of the Dungeon
 10678 | D:10     | Noticed Fannar
 10683 | D:10     | Killed Fannar
 10684 | D:10     | Reached XP level 11. HP: 55/55 MP: 24/24
 11168 | D:10     | Noticed a sun demon
 11229 | D:10     | Found a glowing golden altar of the Shining One.
 11229 | D:10     | Noticed a two-headed ogre
 11249 | D:10     | Killed a two-headed ogre
 11250 | D:10     | Reached skill level 11 in Stealth
 11256 | D:10     | Killed a sun demon
 12023 | D:11     | Noticed a two-headed ogre
 12027 | D:11     | Killed a two-headed ogre
 12125 | D:11     | Noticed a boulder beetle
 12141 | D:11     | Killed a boulder beetle
 12173 | D:11     | Found Noinos's Distillery.
 12179 | D:11     | Bought a potion of haste for 140 gold pieces
 12458 | D:11     | Noticed a two-headed ogre
 12463 | D:11     | Killed a two-headed ogre
 12464 | D:11     | Reached skill level 10 in Dodging
 12521 | D:11     | Reached *** piety under Dithmenos
 12669 | D:11     | Learned a level 3 spell: Dazzling Flash
 12671 | D:11     | Learned a level 1 spell: Apportation
 13049 | D:12     | Reached skill level 12 in Stealth
 13113 | D:12     | Noticed an orc knight
 13223 | D:12     | Killed an orc knight
 13231 | D:12     | Reached XP level 12. HP: 46/61 MP: 26/26
 13477 | D:12     | Killed from afar by a meliai

Illustrated notes

Levels and vault maps discovered:
D:1:      noname_arrival_rooms_in_the_neighbourhood, layout_loops_ring,
          shapermc_ecumenical_altar_ellora
D:2:      layout_loops_ring
D:3:      minmay_bubble_buster, layout_loops_corners, uniq_robin, uniq_grinder,
          uniq_jessica
D:4:      layout_rooms, nicolae_grassy_gnolls, uniq_ijyb, uniq_menkaure,
          uniq_natasha
D:5:      layout_loops_ring, minmay_temple_entry_fiery
D:6:      layout_basic, serial_rivers, chequers_serial_rivers_room_a,
          chequers_serial_rivers_micro_b, chequers_serial_rivers_small_3,
          chequers_serial_rivers_room_b, chequers_serial_rivers_micro_c,
          chequers_serial_rivers_large_b, uniq_pikel, uniq_eustachio
D:7:      nzn_winding_woodlands_cross [nzn_winding_woodlands_5x15_sawtooth,
          nzn_winding_woodlands_5x15_sidewinder,
          nzn_winding_woodlands_5x15_default,
          nzn_winding_woodlands_5x15_longhouse,
          nzn_winding_woodlands_15x15_eel_pit], layout_rooms, chequers_avenue
D:8:      layout_loops_ring, pdpol_temple_overflow_zin_treasury_gozag_greed,
          serial_shops, shop, gammafunk_ghost_wrathful_warriors, uniq_erica
D:9:      layout_basic, mainiacjoe_overflow_divided_tiny, dpeg_oklobed_lair
D:10:     layout_loops_corners, mainiacjoe_overflow_concentric_impassable,
          serial_demonic, serial_demonic_e, serial_demonic_b, serial_demonic_g,
          serial_demonic_e, uniq_fannar
D:11:     layout_basic, serial_shops, shop
D:12:     layout_roguey [special_room_orc]
Temple:   minmay_temple_bridge_d

Skill      XL: |  1  2  3  4  5  6  7  8  9 10 11 |
---------------+----------------------------------+-----
Dodging        | 3 4 5 6 7 8 10 | 10.3
Spellcasting   | 3 4 5 6 7 8 9 |  9.6
Hexes          | 4 5 6 7 8 9 |  9.6
Fighting       | 1 2 3 4 5 6 |  6.2
Short Blades   | 2 3 4 5 6 7 8 |  8.0
Stealth        | 5 6 7 8 9 10 12 | 12.0
Shields        | 2 3 5 |  5.7

Action                   |  1- 3 |  4- 6 |  7- 9 | 10-12 || total
-------------------------+-------+-------+-------+-------++-------
Melee: Dagger            |   100 |       |       |       ||   100
       Rapier            |    35 |     7 |       |       ||    42
       Short sword       |       |   141 |   124 |       ||   265
       Punch             |       |     1 |       |       ||     1
       Quick blade       |       |       |   222 |   461 ||   683
 Cast: Ensorcelled Hiber |       |     1 |    20 |     9 ||    30
       Confusing Touch   |       |       |     4 |    11 ||    15
       Tukima's Dance    |       |       |     3 |       ||     3
  Use: Scroll            |     3 |     4 |    14 |     4 ||    25
       Potion            |     1 |     1 |     2 |     1 ||     5
 Stab: Distracted        |     1 |     1 |       |     1 ||     3
       Sleeping          |    12 |     9 |    29 |    39 ||    89
       Confused          |       |       |     1 |    15 ||    16
Armor: Robe              |    10 |     5 |       |       ||    15
       Animal skin       |       |     2 |     9 |       ||    11
       Steam dragon scal |       |       |     5 |    12 ||    17
Dodge: Dodged            |   116 |   129 |   201 |   188 ||   634
Block: Buckler           |       |       |    64 |    88 ||   152

Table legend: (Time is in decaauts)
 A = Elapsed time spent in this place.
 B = Non-inter-level travel time spent in this place.
 C = Inter-level travel time spent in this place.
 D = Time resting spent in this place.
 E = Time spent auto-exploring this place.
 F = Levels seen in this place.
 G = Mean time per level.
                   A        B        C        D        E       F      G
               +--------+--------+--------+--------+--------+-----+--------+
         Total |   9689 |   9461 |    228 |   2116 |   5420 |  13 |  745.3 |
       Dungeon |   9563 |   9378 |    185 |   2116 |   5353 |  12 |  796.9 |
        Temple |    126 |     83 |     43 |      0 |     67 |   1 |  126.0 |
               +--------+--------+--------+--------+--------+-----+--------+

Top non-repeatable levels by time:
     D:6: 1455 daAuts
     D:3: 1369 daAuts
    D:10: 923 daAuts
     D:4: 895 daAuts
     D:7: 883 daAuts
     D:8: 797 daAuts
     D:5: 784 daAuts
    D:11: 694 daAuts
     D:2: 537 daAuts
     D:1: 510 daAuts
     D:9: 407 daAuts
    D:12: 305 daAuts
  Temple: 126 daAuts
